 Dungeon Crawl Stone Soup version 0.31-a0-1161-g593ecc88b7 (webtiles) character file.

Game seed: 153408391000963234

3816 Wired the Grappler (level 9, -3/87 (89) HPs)
             Began as a Troll Shapeshifter on Dec 8, 2023.
             Was a Follower of Wu Jian.
             Slain by a wight
             ... wielding a +2 long sword
              (6 damage)
             ... on level 8 of the Dungeon.
             The game lasted 00:16:14 (7061 turns).

Wired the Grappler (Troll Shapeshifter)             Turns: 7061, Time: 00:16:15

HP:   -3/87 (89)    AC:  3    Str: 24    XL:     9   Next: 97%
MP:   8/8           EV: 14    Int:  6    God:    Wu Jian [*.....]
Gold: 667           SH:  0    Dex: 13    Spells: 8/8 levels left

rFire   . .          .
                       - Unarmed
rCold   . . .        (shield currently unavailable)
rNeg    . . .        x - melded +0 toga "Victory" {*Victory Clar}
rPois   .            (helmet restricted)
rElec   .            C - +0 cloak
rCorr   .            (gloves unavailable)
SInv    .            (boots unavailable)
Will    .....        (no amulet)
Stlth   +            (no ring)
HPRegen 1.14/turn    (no ring)
MPRegen 0.11/turn

%: no passive effects
@: about to teleport, flux-form, glowing, lightly drained
A: glow, contaminating, large, unfitting armour, claws 3, regeneration 1, shaggy
fur 1, tough skin 1
a: Begin Untransformation, Renounce Religion


You were on level 8 of the Dungeon.
You worshipped Wu Jian.
Wu Jian was aware of your devotion.
You were something dangerously unstable.
You visited 2 branches of the dungeon, and saw 9 of its levels.
You also visited: Ossuary.

You collected 667 gold pieces.

Inventory:

Missiles
 h - 13 poisoned darts
 n - 85 stones (quivered)
Armour
 x - the +0 toga "Victory" (melded) {*Victory Clar}
   (You found it on level 3 of the Dungeon)

   *Victory:  When the wearer kills a threatening monster, it has a chance to
   gain +1 AC, +1 Slay, and +1 Int, capping at +7.
   When the wearer uses a scroll or a potion with a hostile monster in sight,
   its bonuses reset to +0.
   Unequipping it also resets its bonuses to +0.
   Clar:      It protects you from confusion, rage, mesmerisation and fear.
 C - a +0 cloak (worn)
Talismans
 c - a beast talisman
 d - a flux talisman (active)
Wands
 t - a wand of mindburst (1)
 B - a wand of polymorph (9)
Scrolls
 g - 2 scrolls of poison
 j - a scroll of blinking {unknown}
 l - a scroll of vulnerability {unknown}
 o - a scroll of noise {unknown}
 p - a scroll of enchant armour {unknown}
 q - 2 scrolls of fear
 v - 2 scrolls of immolation {unknown}
 w - 7 scrolls of teleportation
 y - 3 scrolls of silence {unknown}
Potions
 a - 2 potions of ambrosia {unknown}
 b - a potion of lignification
 e - 5 potions of brilliance
 f - 4 potions of haste
 i - a potion of berserk rage {unknown}
 k - 3 potions of mutation
 m - 3 potions of cancellation {unknown}
 r - 2 potions of attraction {unknown}
 s - a potion of might {unknown}
 u - 3 potions of curing {unknown}
 z - 2 potions of degeneration {unknown}
 A - 2 potions of heal wounds {unknown}


   Skills:
 + Level 6.0 Fighting
 - Level 1.5 Dodging
 * Level 9.5 Unarmed Combat
 + Level 8.5 Shapeshifting


You had 8 spell levels left.
You didn't know any spells.
Your spell library contained the following spells:

 Spells                   Type           Power      Damage    Failure   Level
 Apportation              Tloc           0%         N/A       45%         1
 Kiss of Death            Conj/Necr      0%         2d5       45%         1
 Jinxbite                 Hex            0%         N/A       58%         2
 Confusing Touch          Hex            0%         N/A       83%         3
 Dispel Undead            Necr           0%         3d6       99%         4
 Alistair's Intoxication  Tmut/Pois      0%         N/A       100%        5


Dungeon Overview and Level Annotations

Branches:
Dungeon (8/15)             Temple (1/1) D:7            Lair (0/5) D:8
Ossuary (visited)

Altars:
Dithmenos
Elyvilon
Hepliaklqana
Kikubaaqudgha
Makhleb
Nemelex Xobeh
Okawaru
Qazlal
Ru
Sif Muna
Trog
Uskayaw
Wu Jian
Xom
Yredelemnul
Zin
The Shining One

Annotations:
D:3 1 runed translucent door, Crazy Yiuf
D:8 3 runed translucent doors, snipermoke's ghost, novice GrMo


Innate Abilities, Weirdness & Mutations

You are something dangerously unstable.
You glow with magical radiation, making you easy to see and hit.
Foes you strike become dangerously contaminated with magical radiation.
You are incapable of wielding weapons or throwing items.
You are too large for most types of armour.
You have claws for hands.
Your natural rate of healing is unusually fast.
You are covered in fur. (AC +1)
You have tough skin. (AC +1)


Message History

The arrow barely misses the steam dragon.
You closely miss the steam dragon.
You are engulfed in a cloud of scalding steam.
The steam dragon barely misses you. x2; The centaur shoots an arrow.
The arrow barely misses you.
The arrow barely misses the steam dragon.
You claw the steam dragon!
The steam dragon begins to glow.
The steam dragon is heavily wounded.
You are engulfed in a cloud of scalding steam.
The centaur shoots an arrow.
The arrow hits you! The steam dragon barely misses you.
The steam dragon closely misses you.
Found a short sword.
The steam dragon bites you.
The steam dragon claws you but does no damage.
You scratch the steam dragon but do no damage.
The steam dragon glows dangerously bright.
The steam dragon is heavily wounded.
The wight hits you with a +1 flail. The steam dragon bites you!
* * * LOW HITPOINT WARNING * * *
The steam dragon claws you.
* * * LOW HITPOINT WARNING * * *
The wight misses you.
As you read the scroll of teleportation, it crumbles to dust.
You feel strangely unstable. The wight closely misses you.
The steam dragon barely misses you. x2; The wight misses you.
You barely miss the steam dragon.
The steam dragon is heavily wounded.
You scratch the steam dragon.
The steam dragon shudders as magic cascades through it!
You kill the steam dragon!
The Council accepts your kill.
You can now lightly attack monsters by moving around them.
The wight closely misses you.
The wight hits you with a +2 long sword!
* * * LOW HITPOINT WARNING * * *
Your life force feels restored.
You barely miss the centaur. The wight misses you.
The wight hits you with a +2 long sword!
* * * LOW HITPOINT WARNING * * *
You feel drained.
You die...

#.. .. #.# ###.. ... ...
. #.#####.#)#
#.#.....#.#
#.#.#...#.####
##########.#.#.....<...
.............^>.†..#####
##......##.#..†cpz......
#.####.##.#.#.#z#.#####
#.# #.##.###.#.# # #.#
#.##.. ..... #.#
#.#####....## #.# #..
...... #.# ### c##.#...
#.# .. .......
##.######.#


You could see a centaur and 2 wights.

Vanquished Creatures
  Grinder (D:4)
  Eustachio (D:6)
  A steam dragon (D:8)
  3 water moccasins
  An orc warrior (D:8)
  A sky beast (D:7)
  2 ice beasts
  3 black bears
  An ogre (D:4)
  3 centaurs
  Blork the orc (D:5)
  2 bullfrogs
  A gnoll sergeant (D:5)
  3 scorpions
  7 wights
  3 killer bees (D:7)
  4 howler monkeys
  An orc priest (D:8)
  A gnoll bouda (D:8)
  2 jellies
  3 human zombies (Ossuary)
  4 hounds
  A sleepcap (D:7)
  Jessica (D:3)
  4 iguanas
  3 orc wizards
  2 hound zombies (Ossuary)
  4 mummies (Ossuary)
  8 gnolls
  11 adders
  A shadow imp (D:8)
  2 white imps
  8 ufetubi
  2 worms
  A dart slug (D:2)
  19 orcs
  5 bats
  7 endoplasms
  2 giant cockroaches
  2 gnoll zombies (Ossuary)
  8 hobgoblins
  3 jackals
  11 kobolds
  2 quokkas
  12 ball pythons
  6 frilled lizards
  3 goblins
  2 goblin zombies (Ossuary)
  A hobgoblin zombie (Ossuary)
  2 jackal zombies (Ossuary)
  A quokka zombie (D:6)
  7 rats
  A rat zombie (D:6)
191 creatures vanquished.

Notes
Turn   | Place    | Note
-------+----------+-------------------------------------------
     0 | D:1      | Wired the Troll Shapeshifter began the quest for the Orb.
     0 | D:1      | Reached XP level 1. HP: 18/18 MP: 0/0
    60 | D:1      | Reached skill level 1 in Fighting
    99 | D:1      | Reached XP level 2. HP: 27/27 MP: 1/1
   618 | D:2      | Found a sparkling altar of Nemelex Xobeh.
   639 | D:2      | Reached XP level 3. HP: 33/33 MP: 2/2
   692 | D:2      | Noticed a scorpion
   700 | D:2      | Killed a scorpion
   701 | D:2      | Reached XP level 4. HP: 35/42 MP: 3/3
  1273 | D:3      | Found an ancient bone altar of Kikubaaqudgha.
  1382 | D:3      | Reached XP level 5. HP: 49/49 MP: 4/4
  1501 | D:3      | Noticed a black bear
  1511 | D:3      | Killed a black bear
  1512 | D:3      | Reached skill level 4 in Unarmed Combat
  1516 | D:3      | Found a hazy altar of Hepliaklqana.
  1669 | D:3      | Found a bloodstained altar of Trog.
  1731 | D:3      | Noticed Jessica
  1758 | D:3      | Found the +0 toga "Victory" {*Victory Clar}
  1877 | D:3      | Found a runed translucent door.
  1878 | D:3      | Noticed Crazy Yiuf
  2287 | D:3      | Killed Jessica
  2288 | D:3      | Reached skill level 5 in Shapeshifting
  2288 | D:3      | Reached XP level 6. HP: 59/59 MP: 5/5
  2954 | D:4      | Noticed Grinder
  2967 | D:4      | Killed Grinder
  2968 | D:4      | Reached XP level 7. HP: 16/67 MP: 6/6
  3291 | D:5      | Entered Level 5 of the Dungeon
  3338 | D:5      | Reached skill level 5 in Unarmed Combat
  3429 | D:5      | Noticed Blork the orc
  3434 | D:5      | Killed Blork the orc
  3773 | D:5      | Reached XP level 8. HP: 78/78 MP: 7/7
  4060 | D:6      | Found a sacrificial altar of Ru.
  4112 | D:6      | Reached skill level 6 in Unarmed Combat
  4217 | D:6      | Noticed Eustachio
  4227 | D:6      | Killed Eustachio
  4368 | D:6      | Reached skill level 7 in Unarmed Combat
  4387 | D:6      | Found a sand-covered staircase.
  4394 | Ossuary  | Entered an ossuary
  4715 | D:6      | Reached XP level 9. HP: 86/87 MP: 8/8
  4932 | D:6      | Found an iron altar of Okawaru.
  5119 | D:7      | Reached skill level 5 in Fighting
  5566 | D:7      | Reached skill level 8 in Unarmed Combat
  5777 | D:7      | Found a staircase to the Ecumenical Temple.
  5788 | Temple   | Entered the Ecumenical Temple
  5795 | Temple   | Became a worshipper of the Wu Jian Council
  6017 | D:7      | Found a glowing silver altar of Zin.
  6205 | D:7      | Found a basalt altar of Yredelemnul.
  6670 | D:8      | Found a runed translucent gate.
  6670 | D:8      | Found a runed translucent gate.
  6670 | D:8      | Found a runed translucent gate.
  6671 | D:8      | Noticed a nine-headed hydra
  6672 | D:8      | Noticed snipermoke's ghost (novice GrMo)
  6694 | D:8      | Reached skill level 9 in Unarmed Combat
  6931 | D:8      | Found a staircase to the Lair.
  7060 | D:8      | Reached * piety under Wu Jian
  7061 | D:8      | HP: 3/89 [wight/+2 long sword (12)]
  7061 | D:8      | Slain by a wight

Illustrated notes

Levels and vault maps discovered:
D:1:      lightli_arrival_flooded_house, layout_rooms
D:2:      layout_basic, basic_altar, minivault_23
D:3:      layout_basic, kiku_gazebo_pond_becter,
          nicolae_hepliaklqana_hazy_memory, mainiacjoe_overflow_alcove_2,
          minmay_unequal, uniq_crazy_yiuf_cottage, uniq_jessica
D:4:      layout_cave_pools, chequers_serial_rivers_micro_c,
          lightli_corner_chamber, uniq_grinder
D:5:      layout_loops_ring, nicolae_twisty_statue_hallways, uniq_blork_the_orc
D:6:      layout_loops_ring, general_overflow_altar,
          nicolae_ru_great_annihilating_truth, enter_ossuary_4,
          bh_walls_and_bars, uniq_eustachio
D:7:      layout_loops_corners, yredelemnul_altar_generic, lemuel_tele_altar,
          minmay_temple_entry_purple_smoke, minmay_puff
D:8:      layout_basic, dpeg_oklobed_lair, gammafunk_ghost_hydra_chop,
          roderic_serpentine_path
Temple:   nicolae_temple_ecumenical_triangle

Skill      XL: |  1  2  3  4  5  6  7  8  9 |
---------------+----------------------------+-----
Fighting       | 1 2 3 4 6 |  6.0
Shapeshifting  | 4 5 6 7 8 |  8.5
Unarmed Combat | 4 5 7 9 |  9.5
Dodging        | |  1.5

Action                     |  1- 3 |  4- 6 |  7- 9 || total
---------------------------+-------+-------+-------++-------
  Melee: Unarmed           |    52 |   118 |   367 ||   537
         Punch             |     2 |     3 |     4 ||     9
  Throw: Stone             |     2 |     3 |       ||     5
         Dart              |       |     6 |       ||     6
Ability: Lunge             |       |       |     8 ||     8
    Use: Scroll            |       |     2 |     6 ||     8
         Potion            |       |       |     1 ||     1
   Stab: Sleeping          |     1 |       |       ||     1
         Paralysed         |       |       |     1 ||     1
 Armour: Animal skin       |    17 |    51 |       ||    68
         Robe              |       |    17 |    48 ||    65
         Skin              |       |       |   281 ||   281
  Dodge: Dodged            |    19 |    53 |   232 ||   304
   Form: Flux              |       |       |     1 ||     1

Table legend: (Time is in decaauts)
 A = Elapsed time spent in this place.
 B = Non-inter-level travel time spent in this place.
 C = Inter-level travel time spent in this place.
 D = Time resting spent in this place.
 E = Time spent auto-exploring this place.
 F = Levels seen in this place.
 G = Mean time per level.
                   A        B        C        D        E       F      G
               +--------+--------+--------+--------+--------+-----+--------+
         Total |   7000 |   6549 |    451 |    653 |   4456 |  10 |  700.0 |
       Dungeon |   6766 |   6319 |    447 |    629 |   4355 |   8 |  845.8 |
        Temple |     12 |      8 |      4 |      0 |      0 |   1 |   12.0 |
       Ossuary |    221 |    221 |      0 |     24 |    101 |   1 |  221.0 |
               +--------+--------+--------+--------+--------+-----+--------+

Top non-repeatable levels by time:
     D:7: 1464 daAuts
     D:3: 1216 daAuts
     D:2: 857 daAuts
     D:4: 816 daAuts
     D:6: 799 daAuts
     D:5: 706 daAuts
     D:8: 502 daAuts
     D:1: 403 daAuts
 Ossuary: 221 daAuts
  Temple: 12 daAuts
